 Dungeon Crawl Stone Soup version 0.28-a0-662-g1651b1f1e0 (webtiles) character file.

Game seed: 15533381735091427113

111070 flotson the Severer (level 16, -2/127 HPs)
             Began as a Demonspawn Delver on Oct 14, 2021.
             Was an Initiate of Gozag.
             Slain by a caustic shrike simulacrum (21 damage)
             ... in an ice cave.
             The game lasted 01:06:52 (28547 turns).

flotson the Severer (Demonspawn Delver)            Turns: 28547, Time: 01:06:53

Health: -2/127     AC: 19    Str: 19    XL:     16   Next: 8%
Magic:  16/16      EV: 24    Int: 13    God:    Gozag
Gold:   2857       SH: 14    Dex: 20    Spells: 15/15 levels left

rFire   + . .      SeeInvis .   a - +3 broad axe (vorpal)
rCold   + . .      Faith    .   P - +2 kite shield
rNeg    . . .      Spirit   .   J - +5 scale mail of Hiotoq {Will+ Dex+4}
rPois   +          Reflect  .   A - +2 hat {Stlth+}
rElec   +          Harm     .   L - +2 cloak {rPois}
rCorr   +          Rampage  .   (gloves unavailable)
Will    ++...                   (boots unavailable)
Stlth   +++.......              (no amulet)
HPRegen 0.31/turn               q - +4 ring of slaying
MPRegen 0.15/turn               r - ring of Ipioweig {EV+4 Str+2}

@: mighty, agile, resistant, gold aura, studying Axes
A: hooves 3, horns 2, ignite blood 2, powered by pain 1, demonic touch 3,
MP-powered wands
a: Renounce Religion, Potion Petition, Call Merchant, Bribe Branch


You were in an ice cave.
You worshipped Gozag.
Gozag was most pleased with you.
You visited 4 branches of the dungeon, and saw 24 of its levels.
You also visited: Sewer, Bailey, Gauntlet and Ice Cave.

You collected 8221 gold pieces.
You spent 2277 gold pieces at shops.
You paid 3087 gold pieces to Gozag.

Inventory:

Hand Weapons
 a - a +3 vorpal broad axe (weapon)
 b - the +9 hunting sling of Gyanogun {venom, rN+ Str-2 Dex+4}
   (You bought it in a shop on level 2 of the Orcish Mines)

   Any ammunition fired from it poisons the flesh of those it strikes.
   Str:       It affects your strength (-2).
   Dex:       It affects your dexterity (+4).
   rN:        It protects you from negative energy.
 c - a +2 eveningstar of protection
Missiles
 s - 7 javelins (quivered)
 C - 8 curare-tipped darts
 E - 13 silver javelins
 F - 3 atropa-tipped darts
 Y - 144 sling bullets
Armour
 A - a +2 hat of stealth (worn)
 J - the +5 scale mail of Hiotoq (worn) {Will+ Dex+4}
   (You took it off an orc warrior in a bailey)

   Dex:       It affects your dexterity (+4).
   Will:      It increases your willpower.
 L - a +2 cloak of poison resistance (worn)
 P - a +2 kite shield (worn)
 S - the +2 pair of boots of Xynkom {Dex+4}
   (You found it in a Gauntlet)

   Dex:       It affects your dexterity (+4).
Jewellery
 q - a +4 ring of slaying (left hand)
 r - the ring of Ipioweig (right hand) {EV+4 Str+2}
   (You took it off a minotaur in a Gauntlet)

   [ring of evasion]

   EV:        It affects your evasion (+4).
   Str:       It affects your strength (+2).
 y - the ring "Rutwarae" {+Blink rN+ Will+}
   (You bought it in a shop on level 2 of the Orcish Mines)

   [ring of willpower]

   rN:        It protects you from negative energy.
   +Blink:    It lets you blink.
   Will:      It increases your willpower.
 O - a ring of protection from fire
Wands
 f - a wand of flame (86)
 g - a wand of digging (6)
 k - a wand of charming (13)
 u - a wand of polymorph (11)
 D - a wand of iceblast (13)
 H - a wand of acid (11)
 R - a wand of mindburst (12)
 V - a wand of paralysis (13)
Scrolls
 h - 2 scrolls of enchant armour
 l - a scroll of fear
 n - 2 scrolls of silence
 o - 5 scrolls of teleportation
 p - a scroll of summoning
 t - a scroll of vulnerability
 v - 2 scrolls of fog
 B - a scroll of blinking
 N - a scroll of immolation
 U - a scroll of magic mapping
Potions
 d - 7 potions of flight
 e - 5 potions of curing
 i - 2 potions of ambrosia
 j - 4 potions of cancellation
 m - a potion of resistance
 w - 6 potions of attraction
 G - 4 potions of lignification
 K - 7 potions of mutation
 Q - 2 potions of haste
 W - 5 potions of heal wounds
 Z - a potion of invisibility
Miscellaneous
 x - a piece from Xom's chessboard (15/15)
 z - a box of beasts
 T - a condenser vane


   Skills:
 + Level 11.7 Fighting
 + Level 15.7 Axes
 + Level 10.1 Throwing
 + Level 10.3 Armour
 + Level 10.5 Dodging
 - Level 4.5 Stealth
 + Level 8.7 Shields
 + Level 9.6 Evocations


You had 15 spell levels left.
You didn't know any spells.
Your spell library contained the following spells:

 Spells                   Type           Power      Damage    Failure   Level
 Animate Skeleton         Necr           0%         N/A       86%         1
 Beastly Appendage        Tmut           0%         N/A       86%         1
 Foxfire                  Conj/Fire      0%         2x1d4     86%         1
 Magic Dart               Conj           0%         1d3       86%         1
 Pain                     Necr           0%         1d4       86%         1
 Shock                    Conj/Air       0%         1d3       86%         1
 Call Imp                 Summ           0%         N/A       95%         2
 Searing Ray              Conj           0%         2d4       95%         2
 Slow                     Hex            0%         N/A       95%         2
 Static Discharge         Conj/Air       0%         N/A       95%         2
 Sublimation of Blood     Necr           0%         N/A       95%         2
 Wereblood                Tmut           0%         N/A       95%         2
 Call Canine Familiar     Summ           0%         N/A       99%         3
 Confusing Touch          Hex            0%         N/A       99%         3
 Conjure Flame            Conj/Fire      0%         6-21      99%         3
 Frozen Ramparts          Ice            0%         1d2       99%         3
 Gell's Gravitas          Tloc           0%         N/A       99%         3
 Inner Flame              Hex/Fire       0%         N/A       99%         3
 Lesser Beckoning         Tloc           0%         N/A       99%         3
 Portal Projectile        Hex/Tloc       0%         N/A       99%         3
 Spider Form              Tmut/Pois      0%         N/A       99%         3
 Summon Guardian Golem    Hex/Summ       0%         N/A       99%         3
 Swiftness                Air            0%         N/A       99%         3
 Teleport Other           Tloc           0%         N/A       99%         3
 Vampiric Draining        Necr           0%         2d6       99%         3
 Airstrike                Air            0%         N/A       100%        4
 Animate Dead             Necr           0%         N/A       100%        4
 Cause Fear               Hex            0%         N/A       100%        4
 Flame Wave               Conj/Fire      0%         3d3       100%        4
 Fulminant Prism          Conj/Hex       0%         3d6       100%        4
 Iskenderun's Mystic Bla  Conj/Tloc      0%         2d3       100%        4
 Leda's Liquefaction      Hex/Erth       0%         N/A       100%        4
 Passage of Golubria      Tloc           N/A        N/A       100%        4
 Summon Ice Beast         Ice/Summ       0%         N/A       100%        4
 Summon Lightning Spire   Summ/Air       0%         N/A       100%        4
 Agony                    Necr           0%         N/A       100%        5
 Borgnjor's Vile Clutch   Necr/Erth      0%         N/A       100%        5
 Excruciating Wounds      Necr           0%         N/A       100%        5
 Lee's Rapid Deconstruct  Erth           0%         3d5*      100%        5
 Silence                  Hex/Air        0%         N/A       100%        5
 Death Channel            Necr           0%         N/A       100%        6
 Dispersal                Tloc           0%         N/A       100%        6
 Dragon Form              Tmut           0%         N/A       100%        7
 Malign Gateway           Summ/Tloc      0%         N/A       100%        7
 Ozocubu's Refrigeration  Ice            0%         4d5       100%        7
 Storm Form               Tmut/Air       0%         N/A       100%        7
 Summon Hydra             Summ           0%         N/A       100%        7
 Discord                  Hex            0%         N/A       100%        8
 Infestation              Necr           0%         N/A       100%        8
 Maxwell's Capacitive Co  Air            0%         ∞         100%        8
 Dragon's Call            Summ           0%         N/A       100%        9


Dungeon Overview and Level Annotations

Branches:
Dungeon (15/15)            Temple (1/1) D:5            Lair (6/6) D:11
 Shoals (0/4) Lair:4       Spider (0/4) Lair:4        Slime (0/5) Lair:6
    Orc (2/2) D:10            Elf (0/3) Orc:2        Vaults (0/5) D:13
 Depths (0/4) D:15          Sewer (visited)          Bailey (visited)
  IceCv (1/1)             Gauntlet (visited)

Altars:
Ashenzari
Cheibriados
Dithmenos
Elyvilon
Fedhas
Gozag
Hepliaklqana
Kikubaaqudgha
Makhleb
Nemelex Xobeh
Okawaru
Qazlal
Ru
Sif Muna
Trog
Uskayaw
Vehumet
Wu Jian
Xom
Yredelemnul
Zin
The Shining One
Beogh
Jiyva

Shops:
D:6 [   D:8 =!   D:9 *   Orc:2 =([=*[*[

Annotations:
D:15 exclusion: ice statue


Innate Abilities, Weirdness & Mutations

You have hooves in place of feet.
You have a pair of horns on your head.
Your demonic aura often causes spilled blood to erupt in flames.
You sometimes gain a little power by taking damage.
Your touch may irresistibly damage your foes and sap their willpower.
You expend magic power (3 MP) to strengthen your wands.


Message History

You slice the harpy simulacrum!!
The harpy simulacrum vaporises!
You slash the anaconda simulacrum! You slash the harpy simulacrum!
You block the harpy simulacrum's attack.
The harpy simulacrum closely misses you.
The anaconda simulacrum misses you.
You block the anaconda simulacrum's attack.
You slash the anaconda simulacrum!
The anaconda simulacrum vaporises!
You hit the dire elephant simulacrum. You slash the white very ugly thing!
You barely miss the caustic shrike simulacrum.
The caustic shrike simulacrum closely misses you.
You block the harpy simulacrum's attack.
The harpy simulacrum misses you.
The caustic shrike simulacrum is distracted by your dazzling golden aura.
You slice the harpy simulacrum!!
The harpy simulacrum vaporises!
You barely miss the white very ugly thing.
You slash the caustic shrike simulacrum!
The caustic shrike simulacrum is no longer distracted by gold.
You completely miss the lindwurm simulacrum.
You hit the dire elephant simulacrum.
The caustic shrike simulacrum claws you!
You focus on the pain.
You feel very mighty all of a sudden.
The caustic shrike simulacrum freezes you!!
You resist.
You focus on the pain.
You feel more agile all of a sudden.
The white very ugly thing is engulfed in blazing flames.
The white very ugly thing claws you. The white very ugly thing freezes you!!
You resist.
* * * LOW HITPOINT WARNING * * *
You block the dire elephant simulacrum's attack.
The dire elephant simulacrum trunk-slaps you but does no damage.
The caustic shrike simulacrum claws you!
* * * LOW HITPOINT WARNING * * *
The caustic shrike simulacrum freezes you!!
You resist.
You die...
Your body crumbles into a pile of gold.

#######
##.....##
##...∩...##
##...Z.....##
#....Z@Z....#
#....°uZ....#
#...........#
#.............#
#....8...8....#
#......:......#
##....[[?....##
#...[.©.[...#


You could see a white very ugly thing, an alligator simulacrum, a dire elephant
simulacrum, a lindwurm simulacrum and a caustic shrike simulacrum.

Vanquished Creatures
  An orc warlord (Orc:2)
  Nessos (D:14)
  A minotaur (Gauntlet)
  The ghost of Viul the Destroyer, a journeyman DgCj (Lair:6)
  14 hydras
  A boulder beetle (D:14)
  The ghost of DarkMailMan the Thaumaturge, a journeyman DjFE of Hepliaklqana (D:13)
  4 catoblepae
  2 centaur warriors
  A death knight (D:13)
  An ogre mage (D:13)
  2 two-headed ogres
  A two-headed ogre (shapeshifter) (Gauntlet)
  4 death yaks (Lair:6)
  An orc high priest (Orc:2)
  Urug (Orc:2)
  Nergalle (Orc:2)
  The ghost of porpoise the Thaumaturge, a novice DECj of Vehumet (D:10)
  A wretched star (Gauntlet)
  A skeletal warrior (D:13)
  A deep elf archer (D:13)
  4 deep elf pyromancers
  A deep elf zephyrmancer (D:13)
  5 orc knights
  14 ugly things
  3 cyclopes
  5 oklob plants
  A wolf spider zombie (D:9)
  3 orc sorcerers
  A manticore (D:14)
  A faun (shapeshifter) (Gauntlet)
  3 black mambas (Lair:2)
  29 elephants
  18 cane toads
  A gargoyle (D:10)
  3 yaktaurs (D:13)
  6 kobold demonologists
  3 freezing wraiths
  6 rime drakes
  An anaconda simulacrum (IceCv)
  10 komodo dragons
  2 hellwings (D:9)
  3 meliai (D:15)
  7 polar bears
  8 trolls
  6 hornets
  A harpy skeleton (D:9)
  13 blink frogs
  17 slime creatures
  A dream sheep (Lair:6)
  12 spriggans (Lair:6)
  2 redbacks (Lair:4)
  42 yaks
  4 wyverns
  A hog (shapeshifter) (D:14)
  Eustachio (D:4)
  4 fire bats (Lair:3)
  3 wraiths
  2 steam dragons (D:8)
  A neqoxec (Gauntlet)
  11 vampire mosquitoes
  7 basilisks
  Edmund (D:4)
  A warg (shapeshifter) (Gauntlet)
  2 swamp worms (Gauntlet)
  2 wargs
  3 harpy simulacra (IceCv)
  An acid dragon (D:9)
  21 water moccasins
  33 orc warriors
  2 ice beasts
  3 black bears
  A sky beast (D:6)
  2 necrophages
  9 ogres
  31 wolves
  A small abomination (Gauntlet)
  4 boggarts (Lair:6)
  12 centaurs
  Blork the orc (D:5)
  16 bullfrogs
  9 kobold brigands
  A gnoll sergeant (D:9)
  4 scorpions
  2 water moccasin zombies
  A water moccasin skeleton (D:6)
  14 killer bees
  3 electric eels (Bailey)
  3 howler monkeys
  A lava snake (Lair:3)
  2 bullfrog zombies (D:5)
  6 centaur zombies
  3 hounds
  18 orc priests
  Crazy Yiuf (D:4)
  5 centaur skeletons
  A gnoll shaman (D:5)
  A jelly (D:5)
  Jessica (D:3)
  22 orc wizards
  2 iguanas
  2 killer bee zombies
  12 gnolls
  A river rat (Sewer)
  7 adders
  5 shadow imps
  An ufetubus (D:5)
  A worm (D:2)
  2 dart slugs (D:3)
  63 orcs
  2 bats (D:1)
  5 endoplasms
  5 giant cockroaches
  17 hobgoblins
  8 jackals
  A quokka (shapeshifter) (Gauntlet)
  8 quokkas
  5 ball pythons
  4 frilled lizards
  17 goblins
  11 kobolds
  13 rats
744 creatures vanquished.

Vanquished Creatures (others)
  A dancing weapon (Lair:6)
  A water moccasin (D:8)
  A centaur (D:8)
  An orc priest (D:8)
  2 orcs (D:8)
  14 demonic plants (Gauntlet)
  31 fungi
  104 plants
  27 withered plants
182 creatures vanquished.

Grand Total: 926 creatures vanquished

Notes
Turn   | Place    | Note
-------+----------+-------------------------------------------
     0 | D:5      | flotson the Demonspawn Delver began the quest for the Orb.
     0 | D:5      | Reached XP level 1. HP: 18/18 MP: 1/1
    18 | D:5      | Found a stormy altar of Qazlal.
    53 | D:5      | Noticed a water moccasin zombie
    53 | D:5      | Noticed an ice beast
   281 | D:3      | Noticed Jessica
   289 | D:3      | Killed Jessica
   290 | D:3      | Reached skill level 1 in Armour
   290 | D:3      | Discovered your monstrous ancestry.
   290 | D:3      | Gained mutation: You have a pair of small horns on your
                  | head. [demonic ancestry]
   290 | D:3      | Reached XP level 2. HP: 21/24 MP: 2/2
   318 | D:3      | Found a glowing drain.
   331 | D:3      | Gained mutation: Your demonic aura sometimes causes spilled
                  | blood to erupt in flames. [demonic ancestry]
   331 | D:3      | Reached XP level 3. HP: 29/29 MP: 3/3
   342 | Sewer    | Entered a sewer
   478 | Sewer    | Noticed a kobold brigand
   538 | Sewer    | Killed a kobold brigand
   539 | Sewer    | Gained mutation: Your demonic aura often causes spilled
                  | blood to erupt in flames. [demonic ancestry]
   539 | Sewer    | Reached XP level 4. HP: 14/37 MP: 4/4
  1116 | D:3      | Noticed a sky beast
  1658 | D:1      | Gained mutation: You sometimes gain a little power by
                  | taking damage. [demonic ancestry]
  1658 | D:1      | Reached XP level 5. HP: 42/42 MP: 5/5
  1810 | D:1      | Found a faded altar of an unknown god.
  2619 | D:2      | Reached skill level 1 in Throwing
  3326 | D:3      | Found a sacrificial altar of Ru.
  3633 | D:4      | Noticed Edmund
  3653 | D:4      | Killed Edmund
  3654 | D:4      | Gained mutation: Your touch may inflict minor irresistible
                  | damage on your foes. [demonic ancestry]
  3654 | D:4      | Reached XP level 6. HP: 40/49 MP: 6/6
  3832 | D:4      | Noticed Eustachio
  3841 | D:4      | Killed Eustachio
  3869 | D:4      | Found a runed translucent door.
  3870 | D:4      | Noticed Crazy Yiuf
  3921 | D:4      | Reached skill level 5 in Fighting
  3921 | D:4      | Reached XP level 7. HP: 56/56 MP: 7/7
  4429 | D:4      | Killed Crazy Yiuf
  4737 | D:5      | Reached skill level 2 in Axes
  4774 | D:5      | You fall into a shaft and drop 3 floors!
  4780 | D:8      | Noticed a steam dragon
  4796 | D:8      | Killed a steam dragon
  4833 | D:8      | Found a flagged portal.
  4841 | Bailey   | Entered a bailey
  5067 | Bailey   | Gained mutation: Your touch may inflict irresistible damage
                  | on your foes. [demonic ancestry]
  5067 | Bailey   | Reached XP level 8. HP: 49/63 MP: 8/8
  5163 | Bailey   | Found an iron altar of Okawaru.
  5163 | Bailey   | Noticed a kobold demonologist
  5169 | Bailey   | Noticed an orc sorcerer
  5170 | Bailey   | Killed a kobold demonologist
  5171 | Bailey   | Reached skill level 3 in Axes
  5175 | Bailey   | Killed an orc sorcerer
  5176 | Bailey   | Reached skill level 5 in Dodging
  5524 | Bailey   | Noticed an orc knight
  5574 | Bailey   | Killed an orc knight
  5575 | Bailey   | Reached skill level 4 in Axes
  5575 | Bailey   | Reached skill level 5 in Armour
  5575 | Bailey   | Gained mutation: Your touch may irresistibly damage your
                  | foes and sap their willpower. [demonic ancestry]
  5575 | Bailey   | Reached XP level 9. HP: 32/71 MP: 9/9
  5805 | Bailey   | Identified the +9 mace "Pogeh" {flame, rElec rPois}
  5805 | Bailey   | Identified the +5 scale mail of Hiotoq {Will+ Dex+4}
  6003 | Bailey   | Acquired a +2 hat of stealth
  6049 | Bailey   | Reached skill level 11 in Axes
  6049 | Bailey   | Reached XP level 10. HP: 77/77 MP: 10/10
  6104 | Bailey   | Reached skill level 1 in Shields
  6701 | D:5      | Found a staircase to the Ecumenical Temple.
  6710 | Temple   | Entered the Ecumenical Temple
  6905 | D:5      | Reached skill level 5 in Throwing
  6939 | D:5      | Found an ancient bone altar of Kikubaaqudgha.
  6966 | D:5      | Found an opulent altar of Gozag.
  6966 | D:5      | Found a basalt altar of Yredelemnul.
  6975 | D:5      | Became a worshipper of Gozag Ym Sagoz the Greedy
  6990 | D:5      | Found an ornate altar of the Wu Jian Council.
  6995 | D:5      | Found an iron altar of Okawaru.
  7349 | D:5      | Noticed Blork the orc
  7356 | D:5      | Killed Blork the orc
  7621 | D:6      | Found Qomeucy's Armour Emporium.
  7630 | D:6      | Bought a +2 cloak of poison resistance for 203 gold pieces
  7660 | D:6      | Found a sparkling altar of Nemelex Xobeh.
  7717 | D:6      | Reached skill level 1 in Evocations
  8660 | D:8      | Found Ruam's Jewellery Shop.
  8716 | D:8      | Found Jean's Distillery.
  8726 | D:8      | Bought a potion of heal wounds for 50 gold pieces
  8726 | D:8      | Bought a potion of invisibility for 80 gold pieces
  8726 | D:8      | Bought a potion of berserk rage for 50 gold pieces
  8876 | D:8      | Gained mutation: You have large cloven feet. [demonic
                  | ancestry]
  8876 | D:8      | Reached XP level 11. HP: 84/84 MP: 11/11
  9093 | D:9      | Found Viozus's Lightly-Used Armoury.
 10110 | D:10     | Entered Level 10 of the Dungeon
 10209 | D:10     | Found a runed translucent gate.
 10210 | D:10     | Found a runed translucent gate.
 10210 | D:10     | Identified the +0 plate armour of the Original Sin {rC+ rN+
                  | Dex+4}
 10211 | D:10     | Found a staircase to the Orcish Mines.
 10211 | D:10     | Found a runed translucent gate.
 10216 | D:10     | Identified the +2 plate armour "Dolohon" {rC+ Slay+5}
 10218 | D:10     | Noticed porpoise's ghost (novice DECj)
 10219 | D:10     | Identified the +4 dagger of Bidgh {flame, rF+ Str+5}
 10330 | D:10     | Noticed a six-headed hydra
 10337 | D:10     | Killed a six-headed hydra
 11482 | D:11     | Gained mutation: You have a pair of horns on your head.
                  | [demonic ancestry]
 11482 | D:11     | Reached XP level 12. HP: 90/92 MP: 12/12
 11511 | D:11     | Found a staircase to the Lair.
 11512 | D:11     | Acquired a manual of Axes
 11762 | Lair:1   | Entered Level 1 of the Lair of Beasts
 12180 | Lair:1   | Noticed a four-headed hydra
 12185 | Lair:1   | Killed a four-headed hydra
 12186 | Lair:1   | Reached skill level 12 in Axes
 12401 | Lair:1   | Noticed a five-headed hydra
 12407 | Lair:1   | Killed a five-headed hydra
 13080 | Lair:2   | Reached skill level 5 in Evocations
 13364 | Lair:2   | Noticed a catoblepas
 13375 | Lair:2   | Killed a catoblepas
 13376 | Lair:2   | Reached skill level 5 in Shields
 13593 | Lair:2   | Noticed a five-headed hydra
 13610 | Lair:2   | Killed a five-headed hydra
 14065 | Lair:2   | Reached XP level 13. HP: 83/101 MP: 13/13
 14252 | Lair:2   | Identified the +1 plate armour "Virghas" {rF+}
 14896 | D:9      | Bought -2 gold dragon scales for 1050 gold pieces
 15152 | D:10     | Killed porpoise's ghost
 15690 | Lair:3   | Found a gate leading to a gauntlet.
 15699 | Gauntlet | Entered a Gauntlet
 15699 | Gauntlet | Found a transporter.
 15699 | Gauntlet | Found a transporter.
 15699 | Gauntlet | Found a transporter.
 15699 | Gauntlet | Found a transporter.
 15746 | Gauntlet | Found a transporter.
 15760 | Gauntlet | Found a transporter.
 15760 | Gauntlet | Found a transporter.
 15770 | Gauntlet | Found a transporter.
 15786 | Gauntlet | Noticed an entropy weaver
 15786 | Gauntlet | a tyrant leech changed into an entropy weaver
 15788 | Gauntlet | an entropy weaver changed into a six-headed hydra
 15792 | Gauntlet | Noticed a quicksilver ooze
 15795 | Gauntlet | a quicksilver ooze changed into a death yak
 15801 | Gauntlet | Noticed a minotaur
 15801 | Gauntlet | a death yak changed into a minotaur
 15860 | Gauntlet | Found a transporter.
 15870 | Gauntlet | Found a transporter.
 15874 | Gauntlet | Found a transporter.
 15886 | Gauntlet | Found a transporter.
 16384 | Gauntlet | Got the Tome of Weightlessness and the Glacier
 16385 | Gauntlet | Identified the +2 pair of boots of Xynkom {Dex+4}
 16427 | Gauntlet | Identified the ring of Ipioweig {EV+4 Str+2}
 16427 | Gauntlet | Noticed a minotaur
 16436 | Gauntlet | Killed a minotaur
 16437 | Gauntlet | Reached skill level 13 in Axes
 16444 | Gauntlet | Got the Collected Works on Displacement
 16451 | Gauntlet | Identified the +1 robe of the Tanner {rF++ rN++ Will-}
 17876 | Lair:4   | Found a hole to the Spider Nest.
 17977 | Lair:4   | Found a staircase to the Shoals.
 18915 | Lair:4   | Gained mutation: You have hoof-like feet. [demonic
                  | ancestry]
 18915 | Lair:4   | Reached XP level 14. HP: 87/109 MP: 14/14
 19019 | Lair:4   | Got the Collected Works on Calling
 19231 | Lair:4   | Reached skill level 10 in Fighting
 19643 | Lair:5   | Reached skill level 14 in Axes
 20557 | Lair:6   | Entered Level 6 of the Lair of Beasts
 20729 | Lair:6   | Found a viscous altar of Jiyva.
 20729 | Lair:6   | Found a staircase to the Slime Pits.
 20895 | Lair:6   | Found a runed translucent door.
 20896 | Lair:6   | Found a shimmering altar of Xom.
 20896 | Lair:6   | Noticed Viul's ghost (journeyman DgCj)
 20921 | Lair:6   | Killed Viul's ghost
 21356 | Lair:6   | Reached XP level 15. HP: 109/117 MP: 15/15
 21513 | Lair:6   | Identified the +3 arbalest of Ragnarok {penet, Fragile
                  | rPois Str+6 Dex+4}
 21516 | Lair:6   | Got Beireul's Catalogue of Sinister Rites and Orientation
 22012 | Orc:1    | Entered Level 1 of the Orcish Mines
 22124 | Orc:2    | Entered Level 2 of the Orcish Mines
 22410 | Orc:2    | Gained mutation: You expend magic power (3 MP) to
                  | strengthen your wands. [a neqoxec]
 22416 | Orc:2    | Noticed Urug
 22418 | Orc:2    | Noticed Nergalle
 22419 | Orc:2    | Noticed an orc warlord
 22907 | Orc:2    | Killed Nergalle
 22917 | Orc:2    | Killed Urug
 22947 | Orc:2    | Killed an orc warlord
 22956 | Orc:2    | Found Nuef's Jewellery Shoppe.
 23007 | Orc:2    | Found Iseat's General Store.
 23180 | Orc:2    | Found Jokapniq's Antique Weapon Shoppe.
 23320 | Orc:2    | Found a staircase to the Elven Halls.
 23326 | Orc:2    | Reached skill level 15 in Axes
 23429 | Orc:2    | Found Qaure's Antique Armour Shoppe.
 23852 | Orc:2    | Bought an ichor-stained hunting sling for 240 gold pieces
 23852 | Orc:2    | Identified the +9 hunting sling of Gyanogun {venom, rN+
                  | Str-2 Dex+4} (You bought it in a shop on level 2 of the
                  | Orcish Mines)
 24453 | Orc:2    | Bought the ring "Rutwarae" {+Blink rN+ Will+} for 604 gold
                  | pieces
 24604 | D:12     | Reached skill level 10 in Dodging
 25661 | D:13     | Reached skill level 10 in Armour
 26048 | D:13     | Found a gate to the Vaults.
 26137 | D:13     | Found a runed translucent gate.
 26138 | D:13     | Found a runed translucent gate.
 26139 | D:13     | Found a runed translucent gate.
 26139 | D:13     | Noticed DarkMailMan's ghost (journeyman DjFE)
 26461 | D:13     | Killed DarkMailMan's ghost
 27377 | D:14     | Acquired 232 gold pieces
 27383 | D:14     | Noticed Nessos
 27648 | D:14     | Reached skill level 10 in Throwing
 27901 | D:14     | Killed Nessos
 27948 | D:14     | Gained mutation: You have hooves in place of feet. [demonic
                  | ancestry]
 27948 | D:14     | Reached XP level 16. HP: 82/127 MP: 16/16
 28331 | D:15     | Entered Level 15 of the Dungeon
 28533 | D:15     | Found a frozen archway.
 28541 | IceCv    | Entered an ice cave
 28547 | IceCv    | Slain by a caustic shrike simulacrum

Illustrated notes

Levels and vault maps discovered:
D:1:      dpeg_arrival_tiny_i, layout_basic, serial_corexii_hall,
          chequers_hall_statues_wall_a, chequers_hall_statues_y,
          hellmonk_ecumenical_altar_run_dry
D:2:      layout_basic, basic_altar, minmay_pentomino_o2
D:3:      layout_loops_cross, marbit_many_paths, portal_sewer_entry_f,
          corexii_item_surrounded_by_moat, uniq_jessica
D:4:      layout_loops_ring, abandoned_shop, uniq_eustachio, uniq_edmund,
          uniq_crazy_yiuf_cottage
D:5:      layout_basic, grunt_qazlal_sundering,
          mainiacjoe_overflow_catwalk_spiral, grunt_temple_overflow_open,
          lemuel_temple_firewalk_b, uniq_blork_the_orc
D:6:      layout_cave_pools, nemelex_xobeh_ov_fountains_minmay, serial_shops,
          nicolae_shop_competitors_out_of_business
D:7:      layout_gridville, serial_bayou_pond_d
D:8:      layout_cave_pools, enter_bailey_2, serial_shops, shop,
          minmay_shop_enchanted_jewellery
D:9:      cheibrodos_grave_circle, layout_rooms, minmay_shop_damaged
D:10:     layout_layer_cave, orc_0_dummy, biasface_ghost_orc_armoury
D:11:     layout_rooms, lair_entry_dummy
D:12:     layout_cave_pools
D:13:     layout_cross, hangedman_vaults_entry_quadrant_bands,
          gammafunk_ghost_nasty_kobolds
D:14:     layout_cave_pools, kennysheep_pointless_box, uniq_nessos
D:15:     hangedman_depths_entry_civil_slaughter, layout_loops_ring,
          portal_ice_cave_entry_ice_statue_one, nicolae_twisting_strands,
          grunt_decor_resistance, grunt_ministairs_9
Temple:   dshaligram_water_room_temple
Lair:1:   layout_layer_cave
Lair:2:   layout_roguey, grunt_megastairs_2
Lair:3:   layout_gridlike, gauntlet_entry_generic, infiniplex_staircase_pool,
          grunt_megastairs_5
Lair:4:   minmay_lair_oklob_tunnel, layout_regular_city,
          elwin_shoals_entry_rocks, spider_nest_entry_webs,
          serial_bayou_shore_b, lemuel_fruit_fields,
          infiniplex_staircase_pool_2, serial_bayou_shore_b
Lair:5:   layout_long_grid, minmay_stone_trees_small,
          cheibrodos_lair_reptile_den
Lair:6:   minmay_lair_end_enchanted_forest, layout_long_grid,
          dpeg_slime_entry_enclosed_altar, ebering_ghost_xom, serial_forest,
          infiniplex_forest_end_1, infiniplex_forest_straight_2,
          infiniplex_forest_straight_3, infiniplex_forest_lined_room_2,
          infiniplex_forest_straight_1, infiniplex_forest_corner_1,
          infiniplex_forest_clump_double, infiniplex_forest_clump_double,
          infiniplex_forest_clump_double, grunt_forest_small_clearings
Orc:1:    layout_diamond_mine
Orc:2:    grunt_orc_cross, layout_caves, uniq_urug
IceCv:    ice_cave_statue_garden_transporter

Skill      XL: |  1  2  3  4  5  6  7  8  9 10 11 12 13 14 15 |
---------------+----------------------------------------------+-----
Armour         | 1 2 3 4 5 6 7 8 9 10 | 10.3
Dodging        | 2 3 4 5 6 7 8 9 10 | 10.5
Fighting       | 4 5 6 7 8 9 10 11 | 11.7
Throwing       | 1 2 3 4 5 6 7 8 9 10 | 10.1
Axes           | 2 4 11 12 13 14 15 | 15.7
Shields        | 2 3 5 6 7 8 |  8.7
Evocations     | 1 3 5 7 8 9 |  9.6
Stealth        | |  4.5

Action                   |  1- 3 |  4- 6 |  7- 9 | 10-12 | 13-15 | 16-18 || total
-------------------------+-------+-------+-------+-------+-------+-------++-------
Melee: Hand axe          |    34 |    71 |       |       |       |       ||   105
       Headbutt          |     4 |    16 |    19 |   107 |   296 |     4 ||   446
       Dagger            |       |    29 |       |       |       |       ||    29
       Flail             |       |     2 |     4 |       |       |       ||     6
       Quarterstaff      |       |       |    66 |       |       |       ||    66
       Whip              |       |       |     4 |       |       |       ||     4
       Mace              |       |       |    23 |   230 |    54 |       ||   307
       Broad axe         |       |       |       |   203 |   804 |    18 ||  1025
       Kick              |       |       |       |       |       |     6 ||     6
 Fire: Hunting sling     |       |    76 |    21 |       |   190 |       ||   287
Throw: Dart              |       |     9 |    15 |       |       |       ||    24
       Boomerang         |       |       |       |     9 |     2 |       ||    11
       Javelin           |       |       |       |     3 |     5 |       ||     8
Invok: Call Merchant     |       |       |       |       |     4 |       ||     4
Evoke: Wand              |     2 |       |     4 |     3 |     3 |       ||    12
  Use: Potion            |     4 |       |     6 |     4 |     2 |     2 ||    18
       Scroll            |     3 |       |     1 |    12 |    12 |     1 ||    29
 Stab: Sleeping          |     2 |    10 |     1 |     9 |     9 |     2 ||    33
       Distracted        |       |       |     1 |     1 |    17 |       ||    19
       Petrified         |       |       |       |       |     6 |       ||     6
       Invisible         |       |       |       |       |     1 |       ||     1
Armor: Leather armour    |     3 |    13 |       |       |       |       ||    16
       Ring mail         |       |    18 |    13 |       |       |       ||    31
       Steam dragon scal |       |       |    20 |       |       |       ||    20
       Scale mail        |       |       |    12 |   260 |   277 |     9 ||   558
Dodge: Dodged            |    19 |    53 |    92 |   256 |   539 |    30 ||   989
Block: Kite shield       |       |       |    19 |   276 |   548 |    32 ||   875

Table legend: (Time is in decaauts)
 A = Elapsed time spent in this place.
 B = Non-inter-level travel time spent in this place.
 C = Inter-level travel time spent in this place.
 D = Time resting spent in this place.
 E = Time spent auto-exploring this place.
 F = Levels seen in this place.
 G = Mean time per level.
                   A        B        C        D        E       F      G
               +--------+--------+--------+--------+--------+-----+--------+
         Total |  28893 |  26506 |   2387 |   2254 |  18936 |  28 | 1031.9 |
       Dungeon |  14399 |  13108 |   1291 |    806 |   9741 |  15 |  959.9 |
        Temple |    132 |    109 |     23 |      0 |    100 |   1 |  132.0 |
          Lair |   9220 |   8383 |    837 |    473 |   6441 |   6 | 1536.7 |
  Orcish Mines |   1974 |   1739 |    235 |    278 |    975 |   2 |  987.0 |
         Sewer |    768 |    768 |      0 |    261 |    322 |   1 |  768.0 |
        Bailey |   1501 |   1501 |      0 |    285 |    828 |   1 | 1501.0 |
      Ice Cave |      5 |      5 |      0 |      0 |      0 |   1 |    5.0 |
      Gauntlet |    890 |    890 |      0 |    151 |    527 |   1 |  890.0 |
               +--------+--------+--------+--------+--------+-----+--------+

Top non-repeatable levels by time:
  Lair:2: 2005 daAuts
  Lair:4: 1879 daAuts
    D:13: 1803 daAuts
  Lair:1: 1642 daAuts
  Bailey: 1501 daAuts
     D:4: 1393 daAuts
  Lair:6: 1342 daAuts
    D:10: 1339 daAuts
   Orc:2: 1338 daAuts
  Lair:5: 1202 daAuts
     D:9: 1185 daAuts
  Lair:3: 1147 daAuts
    D:14: 1140 daAuts
     D:2: 1097 daAuts
    D:11: 1068 daAuts
